 Dungeon Crawl Stone Soup version 0.31-a0-876-gfe8ebadbca (webtiles) character file.

Game seed: 65649361201281510

245 BinkBink the Cutter (level 5, -14/41 HPs)
             Began as a Demonspawn Warper on Oct 13, 2023.
             Demolished by Menkaure (20 damage)
             ... on level 4 of the Dungeon.
             The game lasted 00:04:18 (3497 turns).

BinkBink the Cutter (Demonspawn Warper)             Turns: 3497, Time: 00:04:19

Health: -14/41     AC:  4    Str: 11    XL:     5   Next: 84%
Magic:  8/8        EV: 12    Int: 14    God:
Gold:   236        SH:  0    Dex: 15    Spells: 8/8 levels left

rFire   . . .        a - +0 short sword
rCold   . . .        (no shield)
rNeg    + . .        b - +0 leather armour
rPois   .            (no helmet)
rElec   .            (no cloak)
rCorr   .            (no gloves)
SInv    .            (no boots)
Will    .....        (no amulet)
Stlth   +            l - ring of positive energy
HPRegen 0.26/turn    q - ring of flight
MPRegen 0.11/turn

%: no passive effects
@: flying
A: demonic guardian 2, sharp scales 1, demonic magic 1
a: no special abilities


You were on level 4 of the Dungeon.
You visited 1 branch of the dungeon, and saw 5 of its levels.

You collected 236 gold pieces.

Inventory:

Hand Weapons
 a - a +0 short sword (weapon)
Missiles
 d - 7 darts of dispersal (quivered)
 v - 8 poisoned darts
Armour
 b - a +0 leather armour (worn)
Jewellery
 i - a ring of wizardry
 l - a ring of positive energy (left hand)
 q - a ring of flight (right hand)
 x - a ring of protection from cold
 y - an amulet of regeneration
Talismans
 z - a dragon-blood talisman
Scrolls
 c - a scroll of blinking
 f - 8 scrolls of identify {unknown}
 h - a scroll of immolation {unknown}
 j - a scroll of torment {unknown}
 k - a scroll of acquirement {unknown}
 n - a scroll of brand weapon {unknown}
 s - a scroll of poison {unknown}
 t - a scroll of silence {unknown}
Potions
 e - a potion of mutation {unknown}
 g - a potion of resistance {unknown}
 m - a potion of magic {unknown}
 o - 4 potions of curing {unknown}
 p - 2 potions of attraction {unknown}
 r - 4 potions of might {unknown}
 u - a potion of lignification {unknown}
 w - a potion of invisibility {unknown}


   Skills:
 + Level 3.4 Fighting
 * Level 4.1 Short Blades
 - Level 0.8 Throwing
 - Level 0.8 Armour
 + Level 3.1 Dodging
 - Level 2.0 Spellcasting
 - Level 2.6 Translocations


You had 8 spell levels left.
You didn't know any spells.
Your spell library contained the following spells:

 Spells                   Type           Power      Damage    Failure   Level
 Blink                    Tloc           16%        N/A       16%         2
 Lesser Beckoning         Tloc           16%        N/A       16%         2
 Teleport Other           Tloc           8%         N/A       30%         3
 Summon Guardian Golem    Hex/Summ       1%         N/A       67%         3
 Manifold Assault         Tloc           8%         N/A       71%         4
 Vhi's Electric Charge    Tloc/Air       10%        N/A       87%         4
 Orb of Destruction       Conj           0%         9d5       100%        7
 Spellforged Servitor     Conj/Summ      0%         N/A       100%        7


Dungeon Overview and Level Annotations

Branches:
Dungeon (5/15)
 Temple: D:4-7

Altars:
Hepliaklqana
Sif Muna
Vehumet

Annotations:
D:4 3 runed translucent doors, Kelnin's ghost, weakling DgFi; Menkaure


Innate Abilities, Weirdness & Mutations

A demonic guardian rushes to your aid.
You are partially covered in razor-sharp scales. (AC +1, Slay +1)
Spells you cast may paralyse adjacent enemies.


Message History

Menkaure is lightly damaged.
The ufetubus closely misses you. x2; Menkaure misses you.
You hit Menkaure.
Menkaure is moderately damaged.
The ufetubus closely misses you. The ufetubus hits you. Menkaure hits you.
The ufetubus hits you but does no damage.
The ufetubus barely misses you.
You hit Menkaure but do no damage.
Menkaure is moderately damaged.
The ufetubus barely misses you. The ufetubus hits you.
You hit Menkaure.
Menkaure is heavily damaged.
Menkaure barely misses you. The ufetubus hits you. The ufetubus misses you.
You hit Menkaure.
Menkaure is heavily damaged.
Menkaure hits you! The ufetubus misses you.
The ufetubus hits you but does no damage.
You hit Menkaure.
Menkaure is heavily damaged.
The ufetubus closely misses you. The ufetubus barely misses you.
Menkaure hits you. The ufetubus barely misses you.
The ufetubus closely misses you.
Menkaure calls on the powers of darkness!
Your body is wracked with pain!
* * * LOW HITPOINT WARNING * * *
The ufetubus closely misses you. The ufetubus misses you.
You fly upwards.
Level annotation: 3 runed translucent doors, Kelnin's ghost, weakling DgFi
There is a stone staircase leading down here.
You hit Menkaure but do no damage.
Menkaure is heavily damaged.
Menkaure calls on the powers of darkness!
Your body is wracked with pain!
* * * LOW HITPOINT WARNING * * *
A demonic guardian appears!
The ufetubus barely misses you. The ufetubus hits you.
* * * LOW HITPOINT WARNING * * *
You don't know any spells.
Menkaure attacks as he pursues you! Menkaure hits you!!
You die...

#.....#.........#..........###...
#...####................#.>##....
#...####.......####.....#..#.....
#....##........##.......#.##.....
#................................
#......##..........#........##...
#.....##..........##........###..
#......#.........M.##.....<.#....
......##........@5#.............#
......#..........4...........#..#
..........##.##...........#######
....(.....#######.........#
...........#.###..###.#.#####
.####........#....# ###.....#####
.####.............# #.<........
###.#.............## ##..........
...................# #...........


You could see Menkaure (fast), an ufetubus (ally target) and a friendly rust
devil (summoned).

Vanquished Creatures
  A hound (D:4)
  2 adders (D:2)
  A worm (D:3)
  4 dart slugs
  An orc (D:3)
  5 ball pythons
  2 bats (D:3)
  3 endoplasms
  2 giant cockroaches
  9 goblins
  6 hobgoblins
  4 jackals (D:2)
  11 kobolds
  A quokka (D:2)
  4 frilled lizards
  7 rats
63 creatures vanquished.

Vanquished Creatures (collateral kills)
  An ogre (D:4)
  3 gnolls (D:4)
  A worm (D:2)
  An orc (D:4)
  2 goblins (D:4)
  A quokka (D:4)
9 creatures vanquished.

Grand Total: 72 creatures vanquished

Notes
Turn   | Place    | Note
-------+----------+-------------------------------------------
     0 | D:1      | BinkBink the Demonspawn Warper began the quest for the Orb.
     0 | D:1      | Reached XP level 1. HP: 16/16 MP: 3/3
    42 | D:1      | Reached skill level 2 in Short Blades
   130 | D:1      | Gained mutation: Spells you cast may paralyse adjacent
                  | enemies. [demonic ancestry]
   130 | D:1      | Reached XP level 2. HP: 14/22 MP: 5/5
   904 | D:2      | Gained mutation: A weak demonic guardian rushes to your
                  | aid. [demonic ancestry]
   904 | D:2      | Reached XP level 3. HP: 26/28 MP: 6/6
  1346 | D:2      | Reached skill level 3 in Short Blades
  1490 | D:2      | Gained mutation: A demonic guardian rushes to your aid.
                  | [demonic ancestry]
  1490 | D:2      | Reached XP level 4. HP: 33/34 MP: 7/7
  1588 | D:2      | Found a hazy altar of Hepliaklqana.
  2563 | D:4      | Found a shimmering blue altar of Sif Muna.
  2615 | D:4      | Noticed an ogre
  2622 | D:4      | Killed an ogre
  2623 | D:4      | Gained mutation: You are partially covered in razor-sharp
                  | scales. (AC +1, Slay +1) [demonic ancestry]
  2623 | D:4      | Reached XP level 5. HP: 15/41 MP: 8/8
  2775 | D:4      | Reached skill level 4 in Short Blades
  3057 | D:4      | Found a radiant altar of Vehumet.
  3217 | D:4      | Noticed Kelnin's ghost (weakling DgFi)
  3218 | D:4      | Noticed a steam dragon
  3228 | D:4      | Found a runed translucent gate.
  3228 | D:4      | Found a runed translucent gate.
  3228 | D:4      | Found a runed translucent gate.
  3484 | D:5      | Entered Level 5 of the Dungeon
  3484 | D:5      | Noticed Menkaure
  3497 | D:4      | Demolished by Menkaure

Illustrated notes

Levels and vault maps discovered:
D:1:      dpeg_arrival_morbid_curiosity, layout_basic
D:2:      layout_loops_cross, basic_altar
D:3:      layout_loops_ring
D:4:      layout_cave_pools, fiery_altar_vehumet, old_standard_altar,
          gammafunk_ghost_split
D:5:      layout_rooms, minmay_misc_feat_roman, uniq_prince_ribbit1, uniq_pikel,
          uniq_menkaure, uniq_grinder, uniq_crazy_yiuf_cottage

Skill      XL: |  1  2  3  4  5 |
---------------+----------------+-----
Short Blades   | 2 3 4 |  4.1
Dodging        | 2 3 |  3.1
Fighting       | 3 |  3.4
Throwing       | |  0.8
Armour         | |  0.8
Spellcasting   | |  2.0
Translocations | |  2.6

Action                     |  1- 3 |  4- 6 || total
---------------------------+-------+-------++-------
  Melee: Short sword       |   181 |   175 ||   356
         Punch             |     3 |     3 ||     6
   Stab: Sleeping          |     1 |     1 ||     2
 Armour: Leather armour    |    85 |    92 ||   177
  Dodge: Dodged            |    86 |   125 ||   211

Table legend: (Time is in decaauts)
 A = Elapsed time spent in this place.
 B = Non-inter-level travel time spent in this place.
 C = Inter-level travel time spent in this place.
 D = Time resting spent in this place.
 E = Time spent auto-exploring this place.
 F = Levels seen in this place.
 G = Mean time per level.
                   A        B        C        D        E       F      G
               +--------+--------+--------+--------+--------+-----+--------+
         Total |   3442 |   3349 |     93 |    100 |   2692 |   5 |  688.4 |
       Dungeon |   3442 |   3349 |     93 |    100 |   2692 |   5 |  688.4 |
               +--------+--------+--------+--------+--------+-----+--------+

Top non-repeatable levels by time:
     D:4: 913 daAuts
     D:2: 862 daAuts
     D:1: 852 daAuts
     D:3: 805 daAuts
     D:5: 8 daAuts
